 Dungeon Crawl Stone Soup version 0.24-a0-459-g225fefd530 (webtiles) character file.

Game seed: 9517441103228082667

158 Azzok the Chopper (level 5, -3/46 HPs)
             Began as a Deep Dwarf Fighter on June 30, 2019.
             Slain by an ogre
             ... wielding a +0 giant club
              (19 damage)
             ... on level 4 of the Dungeon.
             The game lasted 00:04:24 (2012 turns).

Azzok the Chopper (Deep Dwarf Fighter)              Turns: 2012, Time: 00:04:24

Health: -3/46      AC: 10    Str: 21    XL:     5   Next: 16%
Magic:  5/5        EV:  7    Int:  8    God:
Gold:   154        SH:  5    Dex: 12    Spells: 4/4 levels left

rFire    . . .     SeeInvis .   a - +0 war axe
rCold    . . .     Gourm    .   p - +0 buckler
rNeg     . . .     Faith    .   k - +0 chain mail
rPois    .         Spirit   .   l - +0 helmet
rElec    .         Reflect  .   (no cloak)
rCorr    .         Harm     .   (no gloves)
MR       .....                  (no boots)
Stlth    ..........             v - amulet of rage
HPRegen  0.00/turn              (no ring)
MPRegen  0.09/turn              (no ring)

@: non-regenerating
A: damage resistance, heal wounds, sense surroundings 1, no regeneration
a: Heal Wounds, Evoke Berserk Rage


You were on level 4 of the Dungeon.
You were not hungry.

You visited 1 branch of the dungeon, and saw 4 of its levels.

You collected 154 gold pieces.

Inventory:

Hand Weapons
 a - a +0 war axe (weapon)
Armour
 b - a +0 scale mail
 c - a +0 shield
 k - a +0 chain mail (worn)
 l - a +0 helmet (worn)
 p - a +0 buckler (worn)
Jewellery
 v - an amulet of rage (around neck)
Wands
 s - a wand of flame (26)
Scrolls
 e - a scroll of blinking {unknown}
 g - 3 scrolls of teleportation {unknown}
 i - 2 scrolls of amnesia {unknown}
 t - a scroll of fear {unknown}
 u - a scroll of magic mapping {unknown}
Potions
 d - a potion of might
 h - 2 potions of agility
 j - 2 potions of haste {unknown}
 m - a potion of magic {unknown}
 o - a potion of heal wounds {unknown}
 q - 2 potions of curing
 r - a potion of flight {unknown}
Comestibles
 f - 7 rations
 n - 5 chunks of flesh


   Skills:
 - Level 2.6 Fighting
 + Level 5.5 Axes
 - Level 3.2 Armour
 - Level 4.0 Shields


You had 4 spell levels left.
You didn't know any spells.
Your spell library was empty.

Dungeon Overview and Level Annotations

Branches:
Dungeon (4/15)
 Temple: D:4-7

Altars:
Elyvilon
Qazlal

Annotations:
D:3 1 transporter, mhoghedin's ghost, amateur OpVM


Innate Abilities, Weirdness & Mutations

You are resistant to damage.
You can heal yourself by infusing magical energy.
You passively map a small area around you.
You do not regenerate.


Message History

You slash the hound!
The hound is severely wounded.
The hound barely misses you. You block the hound's attack.
You slice the hound!!
You kill the hound!
You have reached level 5!
You hit the ogre but do no damage. You block the ogre's attack.
You slash the ogre!
The ogre is moderately wounded.
The ogre hits you with a +0 giant club!
You slash the ogre!
The ogre is heavily wounded.
You block the ogre's attack.
Your chain mail prevents you from hitting the ogre.
The ogre is heavily wounded.
The ogre hits you with a +0 giant club!
You completely miss the ogre.
The ogre is heavily wounded.
The ogre hits you with a +0 giant club!!
You die...

◦ ◦◦ ░ ◦ ░ ░◦
·····▒ ◦ ◦
··>S·▒◦ ·▒▒▒▒
·····▒ ░ ░
······◦◦ ·····▒
◦
······▒░◦·O··▒░░
░ ◦
·······▒▒h··▒ ◦
░ ◦ ▒·····@▒··▒
░ ◦ ▒·▒▒▒··O▒ ◦
◦ ░ ▒▒······▒ ◦
◦ ◦ ▒·▒▒··▒▒ ░ ░
░ ▒·▒ ··▒ ░ ░
▒·▒ ◦·▒ ░ ◦◦ ···
·· ◦ ░ ▒▒▒░ ▒▒ ╬
░ ░ ░


You could see an ogre.

Vanquished Creatures
  A hound (D:4)
  Ijyb (D:3)
  4 adders
  An ooze (D:3)
  2 worms
  A dart slug (D:1)
  A leopard gecko (D:3)
  5 orcs (D:3)
  A giant cockroach (D:2)
  8 hobgoblins
  8 kobolds
  A quokka (D:2)
  3 bats
  7 frilled lizards
  3 goblins
  7 rats
54 creatures vanquished.

Notes
Turn   | Place    | Note
-------+----------+-------------------------------------------
     0 | D:1      | Azzok the Deep Dwarf Fighter began the quest for the Orb.
     0 | D:1      | Reached XP level 1. HP: 20/20 MP: 1/1
   107 | D:1      | Reached skill level 3 in Axes
   114 | D:1      | Reached XP level 2. HP: 20/27 MP: 2/2
   716 | D:2      | Found a white marble altar of Elyvilon.
   819 | D:2      | Reached XP level 3. HP: 18/33 MP: 3/3
   843 | D:2      | Reached skill level 4 in Axes
   953 | D:2      | Found a faded altar of an unknown god.
   987 | D:2      | Found a stormy altar of Qazlal.
  1668 | D:3      | Found a transporter.
  1669 | D:3      | Noticed mhoghedin's ghost (amateur OpVM)
  1671 | D:3      | Reached XP level 4. HP: 18/40 MP: 4/4
  1699 | D:3      | Noticed Ijyb
  1707 | D:3      | Killed Ijyb
  1925 | D:3      | Reached skill level 5 in Axes
  2001 | D:4      | Noticed an ogre
  2007 | D:4      | Reached XP level 5. HP: 34/46 MP: 5/5
  2012 | D:4      | Slain by an ogre

Levels and vault maps discovered:
D:1:      giann_forest_graveyard, layout_basic
D:2:      layout_rooms, elyvilon_altar_4, nicolae_qazlal_general_emergency,
          chequers_ecumenical_altar_simple, serial_bayou, serial_bayou_pond_c,
          serial_bayou_crossing, serial_bayou_shore_a, serial_bayou_lake_a,
          serial_bayou_shore_b, serial_bayou_pond_d, minmay_misc_feat_diagonals
D:3:      layout_rooms, gammafunk_ghost_smash, first_ration,
          minmay_misc_feat_roman, uniq_ijyb
D:4:      layout_loops_ring, kennysheep_cross_bottleneck, grunt_ministairs_9,
          fedhas_altar_2

Skill      XL: |  1  2  3  4 |
---------------+-------------+-----
Axes           | 3 4 5 |  5.5
Shields        | 4 |  4.0
Fighting       | |  2.6
Armour         | |  3.2

Action                   |  1- 3 |  4- 6 || total
-------------------------+-------+-------++-------
Melee: War axe           |   147 |    51 ||   198
 Abil: Heal Wounds       |       |     1 ||     1
  Use: Scroll            |     1 |     3 ||     4
  Eat: Chunk             |     3 |     1 ||     4
Armor: Scale mail        |    14 |       ||    14
       Chain mail        |    71 |    32 ||   103
Dodge: Dodged            |    45 |    19 ||    64
Block: Shield            |    50 |       ||    50
       Buckler           |    11 |    12 ||    23

Table legend:
 A = Non-vault XP
 B = Vault XP
 C = Vault XP percentage of total XP
 D = Non-vault monster count
 E = Vault monster count
 F = Vault count percentage of total count
                 A         B        C        D         E       F
            +---------+---------+-------+---------+---------+-------
      Total |     190 |      36 |  15.9 |      53 |       1 |   1.9
            +---------+---------+-------+---------+---------+-------
        D:1 |      27 |       0 |   0.0 |      17 |       0 |   0.0
        D:2 |      42 |       0 |   0.0 |      19 |       0 |   0.0
        D:3 |      78 |      36 |  31.6 |      16 |       1 |   5.9
        D:4 |      43 |       0 |   0.0 |       1 |       0 |   0.0
            +---------+---------+-------+---------+---------+-------
